 Dungeon Crawl Stone Soup version 0.31-a0-358-gac0dbeb3ab (webtiles) character file.

Game seed: 7918786486119443769

2447 Grim the Destroyer (level 9, -9/50 HPs)
             Began as a Deep Elf Conjurer on July 25, 2023.
             Was an Initiate of Vehumet.
             Mangled by a hornet (11 damage)
             ... on level 7 of the Dungeon.
             The game lasted 00:20:00 (9957 turns).

Grim the Destroyer (Deep Elf Conjurer)              Turns: 9957, Time: 00:20:01

Health: -9/50      AC:  5    Str: 14    XL:     9   Next: 25%
Magic:  1/15       EV: 14    Int: 24    God:    Vehumet [......]
Gold:   377        SH:  0    Dex: 13    Spells: 4/14 levels left

rFire   . . .        p - +0 quarterstaff
rCold   . . .        (shield currently unavailable)
rNeg    . . .        a - +0 robe
rPois   .            x - +0 helmet
rElec   .            (no cloak)
rCorr   .            (no gloves)
SInv    .            v - +1 pair of boots
Will    .....        u - amulet of regeneration
Stlth   ++           l - ring of wizardry
HPRegen 1.08/turn    q - +6 ring of strength
MPRegen 0.14/turn

%: wizardry (x1)
@: lethally poisoned (-9 -> -11), slowed, very slow
A: no striking features
a: Renounce Religion


You were on level 7 of the Dungeon.
You worshipped Vehumet.
Vehumet was noncommittal.
You visited 2 branches of the dungeon, and saw 8 of its levels.

You collected 377 gold pieces.

Inventory:

Hand Weapons
 p - a +0 quarterstaff (weapon)
Armour
 a - a +0 robe (worn)
 v - a +1 pair of boots (worn)
 x - a +0 helmet (worn)
Jewellery
 d - an amulet of guardian spirit
 l - a ring of wizardry (left hand)
 q - a +6 ring of strength (right hand)
 u - an amulet of regeneration (around neck)
Wands
 c - a wand of flame (20)
 z - a wand of light (10)
Scrolls
 g - 2 scrolls of enchant weapon {unknown}
 h - a scroll of teleportation
 j - 2 scrolls of revelation {unknown}
 k - 7 scrolls of identify {unknown}
 n - a scroll of torment {unknown}
 o - 4 scrolls of vulnerability {unknown}
 r - a scroll of butterflies {unknown}
 s - a scroll of fear {unknown}
 w - 2 scrolls of acquirement {unknown}
 y - 3 scrolls of poison {unknown}
 A - a scroll of fog {unknown}
 C - 2 scrolls of enchant armour {unknown}
 D - a scroll of amnesia {unknown}
Potions
 b - a potion of haste {unknown}
 f - a potion of cancellation {unknown}
 i - a potion of might {unknown}
 m - 3 potions of curing {unknown}
 t - a potion of attraction {unknown}
 B - a potion of invisibility
 E - a potion of degeneration {unknown}
 F - a potion of lignification {unknown}


   Skills:
 - Level 3.0 Fighting
 + Level 3.4 Staves
 - Level 6.0 Dodging
 - Level 2.4 Stealth
 - Level 3.0 Spellcasting
 + Level 11.2 Conjurations
 - Level 5.0 Hexes


You had 4 spell levels left.
You knew the following spells:

 Your Spells              Type           Power      Damage    Failure   Level
a - Magic Dart            Conj           100%       1d8       1%          1
b - Searing Ray           Conj           100%       2d8       1%          2
c - Fulminant Prism       Conj/Hex       21%        3d12      1%          4
d - Dazzling Flash        Conj/Hex       84%        N/A       1%          3

Your spell library contained the following spells:

 Spells                   Type           Power      Damage    Failure   Level
 Iskenderun's Mystic Bla  Conj/Tloc      30%        2d8       4%          4
 Lesser Beckoning         Tloc           6%         N/A       6%          2
 Gell's Gravitas          Tloc           3%         N/A       13%         3
 Ozocubu's Armour         Ice            3%         N/A       13%         3
 Teleport Other           Tloc           3%         N/A       13%         3
 Metabolic Englaciation   Hex/Ice        7%         N/A       38%         5
 Simulacrum               Ice/Necr       1%         N/A       99%         6
 Ozocubu's Refrigeration  Ice            1%         4d7       100%        7
 Polar Vortex             Ice            1%         N/A       100%        9


Dungeon Overview and Level Annotations

Branches:
Dungeon (7/15)             Temple (1/1) D:5

Altars:
Ashenzari
Cheibriados
Elyvilon
Fedhas
Gozag
Kikubaaqudgha
Makhleb
Nemelex Xobeh
Okawaru
Qazlal
Ru
Sif Muna
Trog
Uskayaw
Vehumet
Wu Jian
Xom
Yredelemnul
Zin
The Shining One

Shops:
D:1 !   D:4 *

Annotations:
D:3 Edmund


Message History

Aiming: Searing Ray (safe; 1% risk of failure)
Press: ? - help, Shift-Dir - straight line, f/p - hornet
Aim: a hornet (severely wounded, 74% to hit)
The searing ray misses the hornet. (Press . to maintain the ray.)
The hornet completely misses you. The hornet stings you!
* * * LOW HITPOINT WARNING * * *
You are poisoned.
You feel yourself slow down.
The searing ray misses the hornet.
You feel very sick. The hornet stings you!
* * * LOW HITPOINT WARNING * * *
You feel as though you will be slow longer.
The hornet closely misses you.
Unknown command.
You feel much better.
You feel very sick. The hornet misses you. The hornet closely misses you.
Unknown command.
You miss the hornet.
The hornet is severely wounded.
You feel sick. The hornet stings you!
* * * LOW HITPOINT WARNING * * *
You feel as though you will be slow longer.
The hornet stings you but does no damage. x2
Unknown command.
You hit the hornet.
The hornet is severely wounded.
You feel sick. The hornet stings you!
* * * LOW HITPOINT WARNING * * *
You are lethally poisoned!
You feel as though you will be slow longer.
The hornet closely misses you.
You hit the hornet.
The hornet is almost dead.
* * * LOW HITPOINT WARNING * * *
You feel very sick. The hornet stings you!
You die...

..# .... #._.##
.....### #†..#.#
. .)#.# .'#
###y.# .. #...@#
#.###...#
#.......
#.....###
#.<..... ####.##
#....>.. #.#
#####....... #.#
######<......>...
###.#
#....†.###.......
#...# #.####.#
#....... #.###
####.####.#####


You could see a hornet.

Vanquished Creatures
  Grinder (D:6)
  Sigmund (D:6)
  A steam dragon (D:7)
  Menkaure (D:3)
  Duvessa (D:6)
  A water moccasin (D:7)
  3 ice beasts
  A black bear (D:7)
  An ogre (D:6)
  A centaur (D:6)
  A kobold brigand (D:6)
  A bullfrog (D:7)
  3 scorpions
  Dowan (D:6)
  4 wights (D:7)
  A jelly (D:6)
  2 orc priests (D:5)
  2 hounds
  4 sleepcaps (D:5)
  An iguana (D:5)
  An orc wizard (D:4)
  Robin (D:4)
  4 gnolls (D:5)
  3 adders
  A white imp (D:5)
  2 ufetubi
  5 worms
  2 dart slugs
  16 orcs
  6 ball pythons
  4 endoplasms
  4 giant cockroaches
  8 hobgoblins
  3 jackals
  3 quokkas
  A bat (D:3)
  5 frilled lizards
  14 goblins
  16 kobolds
  7 rats
138 creatures vanquished.

Vanquished Creatures (others)
  16 fulminant prisms
16 creatures vanquished.

Grand Total: 154 creatures vanquished

Notes
Turn   | Place    | Note
-------+----------+-------------------------------------------
     0 | D:1      | Grim the Deep Elf Conjurer began the quest for the Orb.
     0 | D:1      | Reached XP level 1. HP: 10/10 MP: 6/6
   185 | D:1      | Reached XP level 2. HP: 15/15 MP: 6/8
   218 | D:1      | Learned a level 2 spell: Searing Ray
   290 | D:1      | Reached skill level 5 in Conjurations
   303 | D:1      | Found Zaxogei's Distillery.
  1054 | D:2      | Reached XP level 3. HP: 19/19 MP: 7/9
  1750 | D:2      | Found a faded altar of an unknown god.
  2036 | D:3      | You fall into a shaft and drop 3 floors!
  2047 | D:5      | Entered Level 5 of the Dungeon
  2054 | D:5      | Reached skill level 6 in Conjurations
  2115 | D:5      | Reached XP level 4. HP: 24/24 MP: 1/10
  2226 | D:5      | Reached skill level 1 in Staves
  2299 | D:4      | Noticed Edmund
  2314 | D:5      | Reached XP level 5. HP: 28/28 MP: 3/11
  2386 | D:4      | Found Qovasegh's Overcharged Wands.
  2468 | D:4      | Noticed Menkaure
  2598 | D:3      | Learned a level 4 spell: Fulminant Prism
  2792 | D:3      | Found a broken altar of Ashenzari.
  2794 | D:3      | Found a basalt altar of Yredelemnul.
  2822 | D:3      | Found a snail-covered altar of Cheibriados.
  2988 | D:3      | Found a hide-covered altar of Uskayaw.
  3310 | D:3      | Killed Menkaure
  3311 | D:3      | Reached skill level 7 in Conjurations
  3311 | D:3      | Reached XP level 6. HP: 23/32 MP: 0/12
  3464 | D:4      | Learned a level 3 spell: Dazzling Flash
  3545 | D:4      | Found a blossoming altar of Fedhas.
  3565 | D:4      | Reached skill level 1 in Hexes
  4431 | D:4      | Noticed Robin
  5030 | D:4      | Killed Robin
  5392 | D:5      | Reached skill level 8 in Conjurations
  5582 | D:5      | Noticed an ice beast
  5587 | D:5      | Killed an ice beast
  5588 | D:5      | Reached XP level 7. HP: 36/36 MP: 3/13
  6102 | D:5      | Found a staircase to the Ecumenical Temple.
  6282 | Temple   | Entered the Ecumenical Temple
  6295 | Temple   | Became a worshipper of Vehumet
  6606 | D:6      | Reached skill level 5 in Hexes
  6947 | D:6      | Reached skill level 1 in Fighting
  7064 | D:6      | Reached skill level 9 in Conjurations
  7246 | D:6      | Noticed Sigmund
  7255 | D:6      | Killed Sigmund
  7256 | D:6      | Reached XP level 8. HP: 44/44 MP: 3/14
  7308 | D:6      | Noticed Grinder
  7345 | D:6      | Paralysed by Grinder for 4 turns
  7351 | D:6      | Killed Grinder
  7694 | D:6      | Reached skill level 10 in Conjurations
  7749 | D:6      | Noticed Duvessa
  7752 | D:6      | Noticed Dowan
  7755 | D:6      | Killed Duvessa
  7764 | D:6      | Killed Dowan
  8635 | D:7      | Reached skill level 5 in Dodging
  9209 | D:7      | Reached XP level 9. HP: 37/50 MP: 6/15
  9315 | D:7      | Reached skill level 11 in Conjurations
  9755 | D:7      | Found an opulent altar of Gozag.
  9935 | D:7      | Found a sacrificial altar of Ru.
  9957 | D:7      | HP: 2/50 [poisoned by a hornet]
  9957 | D:7      | Mangled by a hornet

Illustrated notes

Levels and vault maps discovered:
D:1:      lemuel_arrival_behind_the_door_large, layout_basic, serial_shops, shop
D:2:      layout_loops_ring, hellmonk_ecumenical_altar_leap_of_faith
D:3:      layout_rooms, mainiacjoe_overflow_concentric_impassable,
          lemuel_tele_altar, grunt_temple_overflow_open, wad_orctagon
D:4:      layout_layer_cave, kennysheep_mini, chequers_arboretum,
          nicolae_shop_overcharged_wands, uniq_robin, uniq_edmund, uniq_menkaure
D:5:      layout_rooms, minmay_temple_entry_poolview
D:6:      cheibrodos_thug_alley, layout_layer_cave,
          minmay_misc_feat_four_crosses, uniq_sigmund, uniq_grinder,
          uniq_duvessa
D:7:      layout_loops_ring, amcnicky_altar_gilded,
          nicolae_ru_great_annihilating_truth
Temple:   dshaligram_water_room_temple

Skill      XL: |  1  2  3  4  5  6  7  8  9 |
---------------+----------------------------+-----
Conjurations   | 5 6 7 8 9 10 11 | 11.2
Staves         | 1 2 3 |  3.4
Hexes          | 3 5 |  5.0
Fighting       | 2 3 |  3.0
Dodging        | 5 6 |  6.0
Stealth        | |  2.4
Spellcasting   | |  3.0

Action                     |  1- 3 |  4- 6 |  7- 9 || total
---------------------------+-------+-------+-------++-------
  Melee: Quarterstaff      |       |    12 |    13 ||    25
   Cast: Magic Dart        |    71 |    94 |    94 ||   259
         Searing Ray       |     4 |    13 |    29 ||    46
         Fulminant Prism   |       |     6 |    10 ||    16
         Dazzling Flash    |       |     1 |       ||     1
    Use: Potion            |       |     4 |     1 ||     5
         Scroll            |       |     3 |       ||     3
 Armour: Robe              |       |    17 |    16 ||    33
  Dodge: Dodged            |     3 |    43 |    35 ||    81

Table legend: (Time is in decaauts)
 A = Elapsed time spent in this place.
 B = Non-inter-level travel time spent in this place.
 C = Inter-level travel time spent in this place.
 D = Time resting spent in this place.
 E = Time spent auto-exploring this place.
 F = Levels seen in this place.
 G = Mean time per level.
                   A        B        C        D        E       F      G
               +--------+--------+--------+--------+--------+-----+--------+
         Total |   9975 |   9718 |    257 |   3599 |   4989 |   8 | 1246.9 |
       Dungeon |   9948 |   9705 |    243 |   3599 |   4989 |   7 | 1421.1 |
        Temple |     26 |     13 |     13 |      0 |      0 |   1 |   26.0 |
               +--------+--------+--------+--------+--------+-----+--------+

Top non-repeatable levels by time:
     D:6: 1999 daAuts
     D:4: 1813 daAuts
     D:5: 1510 daAuts
     D:7: 1490 daAuts
     D:3: 1180 daAuts
     D:1: 999 daAuts
     D:2: 955 daAuts
  Temple: 26 daAuts
